3AA
ASHEVILLE HIGHLANDERS @ BILLINGS POLAR BEARS
07/03/2042
 
TOP OF THE 1ST
Asheville Highlanders batting - Pitching for Billings Polar Bears : RHP Allen Brown
Pitching: RHP Allen Brown
Batting: RHB Tony Castellanos 0-0: Ball
1-0: Called Strike
1-1: Ball
2-1: SINGLE (Line Drive, 78M, EV 86.2 MPH)
Batting: RHB Tikaroa Hakapuna 0-0: Ball
1-0: Foul Ball, location: 2F
1-1: Called Strike
1-2: Foul Ball, location: 2F
1-2: Fly out, F8 (Line Drive, 8LM, EV 91.9 MPH)
Batting: RHB Koryusai Maejima 0-0: Fly out, F9 (Line Drive, 9, EV 106.9 MPH)
Batting: RHB Allan Callejo 0-0: Fly out, F9 (Flyball, 9S, EV 95.0 MPH)
Top of the 1st over - 0 runs, 1 hit, 0 errors, 1 left on base; Asheville 0 - Billings 0
BOTTOM OF THE 1ST
Billings Polar Bears batting - Pitching for Asheville Highlanders : RHP Rubén Santana
Pitching: RHP Rubén Santana
Batting: RHB Edward Johnson 0-0: Swinging Strike
0-1: Ball
1-1: Foul Ball, location: 2F
1-2: Ball
2-2: Ground out 6-3 (Groundball, 6, EV 92.5 MPH)
Batting: RHB Shalom Gestel 0-0: Swinging Strike
0-1: Ball
1-1: Called Strike
1-2: Ground out 3-1 (Groundball, 34, EV 106.9 MPH)
Batting: RHB Gary Panniers 0-0: Called Strike
0-1: Fly out, F7 (Flyball, 7, EV 80.6 MPH)
Bottom of the 1st over - 0 runs, 0 hits, 0 errors, 0 left on base; Asheville 0 - Billings 0
TOP OF THE 2ND
Asheville Highlanders batting - Pitching for Billings Polar Bears : RHP Allen Brown
Batting: RHB Dusan Kontic 0-0: Ball
1-0: Called Strike
1-1: Fly out, F8 (Flyball, 8RD, EV 100.0 MPH)
Batting: RHB Ivano Pohvisnev 0-0: Ball
1-0: Swinging Strike
1-1: Ball
2-1: Foul Ball, location: 2F
2-2: Ground out 6-3 (Groundball, 6, EV 81.2 MPH)
Batting: RHB Joe Frank 0-0: Ball
1-0: Called Strike
1-1: Ball
2-1: Ball
3-1: Called Strike
3-2: Base on Balls
Batting: SHB Wendell Palmer 0-0: Ground out 1-3 (Groundball, 13S, EV 68.8 MPH)
Top of the 2nd over - 0 runs, 0 hits, 0 errors, 1 left on base; Asheville 0 - Billings 0
BOTTOM OF THE 2ND
Billings Polar Bears batting - Pitching for Asheville Highlanders : RHP Rubén Santana
Batting: RHB Rupert Bethune 0-0: Ball
1-0: Called Strike
1-1: SINGLE (Line Drive, 78S, EV 97.5 MPH)
Batting: LHB Stanley Bell 0-0: Ball
1-0: Foul Ball, location: 2F
1-1: Ball
2-1: Foul Ball, location: 2F
2-2: Fly out, F9 (Flyball, 89M, EV 83.8 MPH)
Batting: RHB Pleun Vleugel 0-0: Ball
1-0: Called Strike
Rupert Bethune steals 2nd base (no throw)
1-1: Swinging Strike
1-2: Fly out, F9 (Flyball, 89M, EV 94.4 MPH)
Batting: RHB Conan Brown 0-0: Ball
1-0: Called Strike
1-1: Foul Ball, location: 2F
1-2: Ground out 5-3 (Groundball, 56, EV 78.8 MPH)
Bottom of the 2nd over - 0 runs, 1 hit, 0 errors, 1 left on base; Asheville 0 - Billings 0
TOP OF THE 3RD
Asheville Highlanders batting - Pitching for Billings Polar Bears : RHP Allen Brown
Batting: LHB Mark Mears 0-0: Ball
1-0: Ball
2-0: Foul Ball, location: 2F
2-1: Fly out, F8 (Flyball, 8LD, EV 104.4 MPH)
Batting: RHB Tony Castellanos 0-0: Ground out 2-3 (Groundball, 2R, EV 71.2 MPH)
Batting: RHB Tikaroa Hakapuna 0-0: Ball
1-0: SINGLE (Groundball, 5, EV 88.1 MPH) (infield hit)
Batting: RHB Koryusai Maejima 0-0: DOUBLE (Line Drive, 78D, EV 108.8 MPH)
Tikaroa Hakapuna to third
Runner from 3rd tries for Home, SAFE, throw by LF to home
Batting: RHB Allan Callejo 0-0: Swinging Strike
0-1: Swinging Strike
0-2: Foul Ball, location: 2F
0-2: Strikes out swinging
Top of the 3rd over - 1 run, 2 hits, 0 errors, 1 left on base; Asheville 1 - Billings 0
BOTTOM OF THE 3RD
Billings Polar Bears batting - Pitching for Asheville Highlanders : RHP Rubén Santana
Batting: RHB George Johnston 0-0: Swinging Strike
0-1: Swinging Strike
0-2: Ball
1-2: Strikes out swinging
Batting: RHB Michael Mack 0-0: Ball
1-0: Called Strike
1-1: Swinging Strike
1-2: Foul Ball, location: 2F
1-2: Ball
2-2: Ball
3-2: Fly out, F9 (Flyball, 9, EV 96.2 MPH)
Batting: RHB Edward Johnson 0-0: Ball
1-0: Foul Ball, location: 2F
1-1: Swinging Strike
1-2: Ball
2-2: Fly out, F7 (Line Drive, 7, EV 91.2 MPH)
Bottom of the 3rd over - 0 runs, 0 hits, 0 errors, 0 left on base; Asheville 1 - Billings 0
TOP OF THE 4TH
Asheville Highlanders batting - Pitching for Billings Polar Bears : RHP Allen Brown
Batting: RHB Dusan Kontic 0-0: Called Strike
0-1: Single, Error in OF, E7, batter to second base (Groundball, 56D, EV 96.2 MPH)
Batting: RHB Ivano Pohvisnev 0-0: Swinging Strike
0-1: Ball
1-1: Fly out, F7 (Flyball, 7S, EV 89.4 MPH)
Batting: RHB Joe Frank 0-0: Called Strike
0-1: Ball
1-1: Called Strike
1-2: Foul Ball, location: 2F
1-2: Foul Ball, location: 2F
1-2: Strikes out swinging
Batting: SHB Wendell Palmer 0-0: Ground out 4-3 (Groundball, 4, EV 83.8 MPH)
Top of the 4th over - 0 runs, 1 hit, 1 error, 1 left on base; Asheville 1 - Billings 0
BOTTOM OF THE 4TH
Billings Polar Bears batting - Pitching for Asheville Highlanders : RHP Rubén Santana
Batting: RHB Shalom Gestel 0-0: Called Strike
0-1: Ball
1-1: Ball
2-1: Called Strike
2-2: Ball
3-2: Ground out U3 (Groundball, 34, EV 88.8 MPH)
Batting: RHB Gary Panniers 0-0: Called Strike
0-1: Foul Ball, location: 2F
0-2: Ball
1-2: Fly out, F9 (Flyball, 89D, EV 106.2 MPH)
Batting: RHB Rupert Bethune 0-0: Called Strike
0-1: Ball
1-1: DOUBLE (Line Drive, 8RXD, EV 106.2 MPH)
Batting: LHB Stanley Bell 0-0: Called Strike
0-1: Ball
1-1: Ball
2-1: Ball
3-1: Base on Balls
Batting: RHB Pleun Vleugel 0-0: Ball
1-0: Foul Ball, location: 2F
1-1: DOUBLE (Groundball, 5L, EV 110.6 MPH)
Rupert Bethune scores
Stanley Bell to third
Runner from 3rd tries for Home, SAFE, throw by LF to trailing runner, SAFE at third!
Batting: RHB Conan Brown 0-0: Ball
1-0: Called Strike
1-1: Ball
2-1: Ball
3-1: Base on Balls
Batting: RHB George Johnston 0-0: Ball
1-0: Foul Ball, location: 2F
1-1: Fly out, F8 (Flyball, 8RD, EV 100.0 MPH)
Bottom of the 4th over - 2 runs, 2 hits, 0 errors, 2 left on base; Asheville 1 - Billings 2
TOP OF THE 5TH
Asheville Highlanders batting - Pitching for Billings Polar Bears : RHP Allen Brown
Batting: LHB Mark Mears 0-0: Ground out 6-3 (Groundball, 6M, EV 83.8 MPH)
Batting: RHB Tony Castellanos 0-0: Foul Ball, location: 2F
0-1: Ball
1-1: Ground out 1-3 (Groundball, P, EV 81.2 MPH)
Batting: RHB Tikaroa Hakapuna 0-0: Ball
1-0: Fly out, F8 (Flyball, 89M, EV 83.1 MPH)
Top of the 5th over - 0 runs, 0 hits, 0 errors, 0 left on base; Asheville 1 - Billings 2
BOTTOM OF THE 5TH
Billings Polar Bears batting - Pitching for Asheville Highlanders : RHP Rubén Santana
Batting: RHB Michael Mack 0-0: Ball
1-0: DOUBLE (Groundball, 5L, EV 103.1 MPH)
Batting: RHB Edward Johnson 0-0: Called Strike
0-1: Ball
1-1: Foul Ball, location: 2F
1-2: Fly out, F7 (Line Drive, 7, EV 85.6 MPH)
Batting: RHB Shalom Gestel 0-0: Foul Ball, location: 2F
0-1: Called Strike
0-2: Fly out, F7 (Flyball, 7, EV 94.4 MPH)
Batting: RHB Gary Panniers 0-0: Called Strike
0-1: Ball
1-1: Ground out 4-3 (Groundball, 4M, EV 91.9 MPH)
Bottom of the 5th over - 0 runs, 1 hit, 0 errors, 1 left on base; Asheville 1 - Billings 2
TOP OF THE 6TH
Asheville Highlanders batting - Pitching for Billings Polar Bears : RHP Allen Brown
Batting: RHB Koryusai Maejima 0-0: Called Strike
0-1: Ground out 5-3 (Groundball, 56S, EV 90.6 MPH)
Batting: RHB Allan Callejo 0-0: DOUBLE (Groundball, 5L, EV 105.6 MPH)
Batting: RHB Dusan Kontic 0-0: Called Strike
0-1: Ball
1-1: SINGLE (Groundball, 4MD, EV 101.2 MPH)
Allan Callejo to third
Runner from 3rd tries for Home, SAFE, no throw by CF
Batting: RHB Ivano Pohvisnev 0-0: Foul Ball, location: 2F
0-1: Foul Ball, location: 2F
0-2: Grounds into double play, 4-6-3 (Groundball, 34, EV 80.6 MPH)
Top of the 6th over - 1 run, 2 hits, 0 errors, 0 left on base; Asheville 2 - Billings 2
BOTTOM OF THE 6TH
Billings Polar Bears batting - Pitching for Asheville Highlanders : RHP Rubén Santana
Batting: RHB Rupert Bethune 0-0: Fly out, F9 (Flyball, 9S, EV 90.6 MPH)
Batting: LHB Stanley Bell 0-0: Ball
1-0: Foul Ball, location: 2F
1-1: Ball
2-1: SINGLE (Groundball, 34D, EV 96.2 MPH)
Batting: RHB Pleun Vleugel 0-0: Called Strike
0-1: Foul Ball, location: 2F
0-2: Foul Ball, location: 2F
0-2: 2-RUN HOME RUN (Line Drive, 7D, EV 107.5 MPH), Distance : 381 ft
Pitching: RHP Tobin Basch
Batting: RHB Conan Brown 0-0: Ball
1-0: Ball
2-0: Ball
3-0: Base on Balls
Batting: RHB George Johnston 0-0: Called Strike
0-1: Ground out 6-3 (Groundball, 6S, EV 68.8 MPH)
Conan Brown to second
Batting: RHB Michael Mack 0-0: Foul Ball, location: 2F
0-1: Ball
1-1: Called Strike
1-2: Foul Ball, location: 2F
1-2: Ball
2-2: Ball
3-2: Base on Balls
Batting: RHB Edward Johnson 0-0: Ball
1-0: Fly out, F9 (Flyball, 89M, EV 83.1 MPH)
Bottom of the 6th over - 2 runs, 2 hits, 0 errors, 2 left on base; Asheville 2 - Billings 4
TOP OF THE 7TH
Asheville Highlanders batting - Pitching for Billings Polar Bears : RHP Allen Brown
Batting: RHB Joe Frank 0-0: Ball
1-0: Called Strike
1-1: Swinging Strike
1-2: Strikes out swinging
Batting: SHB Wendell Palmer 0-0: Swinging Strike
0-1: Foul Ball, location: 2F
0-2: SINGLE (Groundball, 34D, EV 97.5 MPH)
Batting: LHB Mark Mears 0-0: Ball
1-0: Foul Ball, location: 2F
1-1: Fly out, F9 (Flyball, 9S, EV 95.0 MPH)
Batting: RHB Tony Castellanos 0-0: Called Strike
0-1: Ground out 3-1 (Groundball, 34, EV 75.6 MPH)
Top of the 7th over - 0 runs, 1 hit, 0 errors, 1 left on base; Asheville 2 - Billings 4
BOTTOM OF THE 7TH
Billings Polar Bears batting - Pitching for Asheville Highlanders : RHP Tobin Basch
Batting: RHB Shalom Gestel 0-0: Ball
1-0: Swinging Strike
1-1: Ground out 5-3 (Groundball, 56, EV 94.4 MPH)
Batting: RHB Gary Panniers 0-0: Ball
1-0: Fly out, F9 (Flyball, 9S, EV 88.8 MPH)
Batting: RHB Rupert Bethune 0-0: SINGLE (Line Drive, 8RS, EV 111.2 MPH)
Batting: LHB Stanley Bell Pickoff Throw to First - Error! E1
Rupert Bethune to second
0-0: Fly out, F9 (Flyball, 9D, EV 86.2 MPH)
Bottom of the 7th over - 0 runs, 1 hit, 1 error, 1 left on base; Asheville 2 - Billings 4
TOP OF THE 8TH
Asheville Highlanders batting - Pitching for Billings Polar Bears : RHP Allen Brown
Now at SS: Eugene Bradley
Batting: RHB Tikaroa Hakapuna 0-0: Called Strike
0-1: Called Strike
0-2: Foul Ball, location: 2F
0-2: Foul Ball, location: 2F
0-2: SINGLE (Flyball, 89S, EV 93.8 MPH)
Pitching: RHP António Gallegos
Batting: RHB Koryusai Maejima 0-0: Fly out, F5 (Line Drive, 5, EV 72.5 MPH)
Batting: RHB Allan Callejo 0-0: Ball
1-0: Called Strike
1-1: Ball
2-1: SINGLE (Groundball, 4D, EV 100.6 MPH)
Tikaroa Hakapuna to second
Runner from 2nd tries for 3rd, SAFE, no throw by RF
Batting: RHB Dusan Kontic 0-0: Called Strike
0-1: Swinging Strike
0-2: Ball
1-2: Foul Ball, location: 2F
1-2: Strikes out swinging
Batting: RHB Ivano Pohvisnev 0-0: Foul Ball, location: 2F
0-1: Called Strike
0-2: Strikes out swinging
Top of the 8th over - 0 runs, 2 hits, 0 errors, 2 left on base; Asheville 2 - Billings 4
BOTTOM OF THE 8TH
Billings Polar Bears batting - Pitching for Asheville Highlanders : RHP Tobin Basch
Batting: RHB Pleun Vleugel 0-0: SINGLE (Line Drive, 34D, EV 109.4 MPH)
Batting: RHB Conan Brown 0-0: Bunted foul
0-1: Bunt missed!
0-2: Foul Ball, location: 2F
0-2: Ground out 4-3 (Groundball, 4MD, EV 108.8 MPH)
Pleun Vleugel to second
Batting: RHB George Johnston 0-0: Called Strike
0-1: Called Strike
0-2: Strikes out swinging
Batting: RHB Michael Mack 0-0: Ball
1-0: Ball
2-0: Foul Ball, location: 2F
2-1: Ball
3-1: Base on Balls
Batting: RHB Edward Johnson 0-0: 3-RUN HOME RUN (Flyball, 78XD, EV 105.6 MPH), Distance : 407 ft
Batting: RHB Shalom Gestel 0-0: Ball
1-0: Called Strike
1-1: Ball
2-1: SINGLE (Groundball, 56S, EV 75.0 MPH) (infield hit)
Batting: RHB Gary Panniers 0-0: Ball
1-0: Ball
2-0: Called Strike
2-1: Ball
3-1: Base on Balls
Shalom Gestel to second
Batting: RHB Eugene Bradley 0-0: Fielders Choice at 2nd, U6 (Groundball, 6M, EV 106.9 MPH)
Bottom of the 8th over - 3 runs, 3 hits, 0 errors, 2 left on base; Asheville 2 - Billings 7
TOP OF THE 9TH
Asheville Highlanders batting - Pitching for Billings Polar Bears : RHP António Gallegos
Batting: RHB Joe Frank 0-0: Ball
1-0: Foul Ball, location: 2F
1-1: Called Strike
1-2: Strikes out looking
Batting: SHB Wendell Palmer 0-0: Swinging Strike
0-1: Ball
1-1: Ball
2-1: Ball
3-1: Fly out, F9 (Flyball, 9S, EV 76.9 MPH)
Batting: LHB Mark Mears 0-0: Called Strike
0-1: Ball
1-1: Ball
2-1: Foul Ball, location: 2F
2-2: Foul Ball, location: 2F
2-2: Strikes out looking
Top of the 9th over - 0 runs, 0 hits, 0 errors, 0 left on base; Asheville 2 - Billings 7
Friday, March 26th, 2021 - OOTP Baseball 20.8 Build 74